 Dungeon Sprint DCSS version 0.18.1-5-g4a78601 (webtiles) character file.

11615 Hipnos the Ninja (level 11, 0/49 HPs)
             Began as a Spriggan Enchanter on May 14, 2016.
             Was the Champion of Sif Muna.
             Slain by the 27-headed Lernaean hydra (13 damage)
             ... in the Dungeon (Sprint I: "Red Sonja").
             The game lasted 00:12:55 (1342 turns).

Hipnos the Ninja (Spriggan Enchanter)               Turns: 1342, Time: 00:12:56

Health: 0/49       AC:  4    Str:  4    XL:     11   Next: 51%
Magic:  29/29      EV: 25    Int: 19    God:    Sif Muna [******]
Gold:   1834       SH:  0    Dex: 18    Spells: 5 memorised, 26 levels left

rFire  . . .     SeeInvis +     l - +0 dagger (drain)
rCold  . . .     Gourm    .     t - +2 robe {MR+}
rNeg   . . .     Faith    .     (shield restricted)
rPois  .         Spirit   .     (helmet restricted)
rElec  .         Dismiss  .     (no cloak)
rCorr  .         Reflect  .     (gloves unavailable)
SustAt .         Harm     .     (boots unavailable)
MR     ++...     NoTele   +     (no amulet)
Stlth  ++++......               (no ring)
                                (no ring)

@: confused, very quick, very resistant to hostile enchantments, stealthy
A: unfitting armour, see invisible, herbivore 3, speed 3, slow metabolism 2,
MP-powered wands
a: Channel Energy, Forget Spell, Renounce Religion


You were in the Dungeon.
You worshipped Sif Muna.
Sif Muna was exalted by your worship.
You were not hungry.

You visited 1 branch You collected 1834 gold pieces.

Inventory:

Hand Weapons
 a - a +1 dagger
 l - a +0 dagger of draining (weapon)
Armour
 b - a +1 robe
 t - a +2 robe of magic resistance (worn)
 u - a +1 helmet of intelligence
Wands
 o - a wand of digging (13/24)
Scrolls
 j - a scroll of blinking
 m - a scroll of enchant weapon {unknown}
 q - a scroll of identify {unknown}
 r - 2 scrolls of immolation {unknown}
 s - a scroll of recharging {unknown}
Potions
 e - a potion of curing
 g - a potion of haste
 h - 2 potions of magic
 i - a potion of berserk rage
 k - a potion of ambrosia {unknown}
Books
 c - a book of Maledictions

   Spells                             Type                      Level
   a - Corona                         Hexes                        1
   b - Ensorcelled Hibernation        Hexes/Ice                    2
   c - Confuse                        Hexes                        3
   d - Tukima's Dance                 Hexes                        3
   e - Dazzling Spray                 Conjuration/Hexes            3
 p - a book of Debilitation

   Spells                             Type                      Level
   a - Corona                         Hexes                        1
   b - Slow                           Hexes                        2
   c - Gell's Gravitas                Hexes/Translocation          3
   d - Inner Flame                    Hexes/Fire                   3
   e - Cause Fear                     Hexes                        4
   f - Leda's Liquefaction            Hexes/Earth                  4
 w - a book of Spatial Translocations

   Spells                             Type                      Level
   a - Apportation                    Translocation                1
   b - Blink                          Translocation                2
   c - Shroud of Golubria             Charms/Translocation         2
   d - Portal Projectile              Translocation                3
   e - Teleport Other                 Translocation                3
   f - Passage of Golubria            Translocation                4
Miscellaneous
 v - a stone of tremors
Comestibles
 d - a bread ration
 n - a royal jelly


   Skills:
 + Level 1.4 Fighting
 + Level 3.2 Short Blades
 + Level 8.6 Dodging
 O Level 27 Stealth
 * Level 13.9 Spellcasting
 * Level 16.7 Hexes
 * Level 7.6 Translocations
 - Level 2.1 Ice Magic


You had 26 spell levels left.
You knew the following spells:

 Your Spells              Type           Power        Failure   Level  Hunger
a - Corona                Hex            ######.      0%          1    None
b - Ensorcelled Hibernat  Hex/Ice        #####.       1%          2    None
c - Confuse               Hex            ######..     0%          3    None
d - Gell's Gravitas       Hex/Tloc       ######....   1%          3    None
e - Blink                 Tloc           N/A          1%          2    None


Dungeon Overview and Level Annotations

Branches:
Dungeon (1/1)

Altars:
Cheibriados
Dithmenos
Elyvilon
Fedhas
Gozag
Kikubaaqudgha
Makhleb
Nemelex Xobeh
Okawaru
Pakellas
Qazlal
Ru
Sif Muna
Vehumet
Xom
Yredelemnul
Zin
The Shining One
Jiyva

Shops:
D }(}!?[??}(}[*:[[[

Annotations:
D exclusion: oklob plant, Lernaean hydra


Innate Abilities, Weirdness & Mutations

You are tiny and cannot use many weapons and most armour.
You have supernaturally acute eyesight.
You are a herbivore.
You cover ground extremely quickly.
You need consume almost no food.
You expend magic power (3 MP) to strengthen your wands.


Message History

You are more confused.
Found 6 gold pieces.
Found 27 gold pieces.
You are engulfed in freezing vapours.
Found 27 gold pieces.
You now have 1780 gold pieces (gained 27).
You are engulfed in noxious fumes.
You choke on the stench!
You are more confused.
You now have 1807 gold pieces (gained 27).
You are engulfed in freezing vapours.
You are engulfed in noxious fumes.
You now have 1834 gold pieces (gained 27).
You feel less confused.
You are engulfed in noxious fumes.
You choke on the stench!
You are confused.
The 27-headed Lernaean hydra roars!
The 27-headed Lernaean hydra bites you!
* * * LOW HITPOINT WARNING * * *
The 27-headed Lernaean hydra bites you!
You die...

M≈..# $# ##†.# $#
+..# ##$# ##+## #$$#
#≈≈≈## ##$$# #≈≈≈≈##
##..$#
#≈≈≈≈≈########§§.$#
###≈≈≈≈#≈≈≈≈≈#..§§$#
..#'≈≈≈'≈≈.≈≈'.§@§$#
..)##≈≈#≈≈≈≈≈#§§D§.#
....######+#####§§≈#
....# D≈≈≈ ##§≈#
##### ≈≈≈≈≈≈≈ ≈≈≈#
..≈≈≈≈≈≈≈#≈≈#
........≈≈≈#≈#
############ ##


You could see the 27-headed Lernaean hydra.

Vanquished Creatures
  A hydra (D)
  2 centaur warriors (D)
  Sonja (D)
  2 unseen horrors (D)
  A deep troll (D)
  A lindwurm (D)
  An oklob plant (D)
  A siren (D)
  A gargoyle (D)
  2 kobold demonologists (D)
  4 demonic crawlers (D)
  A hellwing (D)
  A slime creature (D)
  2 redbacks (D)
  Sigmund (D)
  13 hogs (D)
  A yak (D)
  4 giant eyeballs (D)
  5 wasps (D)
  7 necrophages (D)
  An ogre (D)
  8 jellies (D)
  Ijyb (D)
62 creatures vanquished.

Vanquished Creatures (others)
  A siren (D)
1 creature vanquished.

Grand Total: 63 creatures vanquished

Notes
Turn   | Place    | Note
--------------------------------------------------------------
     0 | D        | Hipnos the Spriggan Enchanter began the quest for the Orb.
     0 | D        | Reached XP level 1. HP: 9/9 MP: 5/5
     1 | D        | Noticed Ijyb
     8 | D        | Killed Ijyb
     8 | D        | Reached skill level 6 in Stealth
     8 | D        | Reached skill level 5 in Hexes
     8 | D        | Reached XP level 2. HP: 13/13 MP: 5/7
    12 | D        | Learned a level 2 spell: Ensorcelled Hibernation
    29 | D        | Noticed an ogre
    32 | D        | Killed an ogre
    32 | D        | Reached skill level 9 in Stealth
    32 | D        | Reached XP level 3. HP: 16/16 MP: 8/10
    32 | D        | Reached XP level 4. HP: 21/21 MP: 8/11
    46 | D        | Learned a level 3 spell: Confuse
    47 | D        | Noticed Sigmund
    50 | D        | Killed Sigmund
    50 | D        | Reached skill level 12 in Stealth
    50 | D        | Reached skill level 10 in Hexes
    50 | D        | Reached XP level 5. HP: 24/24 MP: 9/14
    63 | D        | Found a deep blue altar of Sif Muna.
    65 | D        | Found a radiant altar of Vehumet.
    69 | D        | Became a worshipper of Sif Muna the Loreminder
    71 | D        | Reached XP level 6. HP: 28/28 MP: 12/16
    74 | D        | Found Eddas's Antique Weapon Emporium.
    74 | D        | Found a white marble altar of Elyvilon.
    74 | D        | Found a stormy altar of Qazlal.
    74 | D        | Found a burning altar of Makhleb.
    74 | D        | Found a sacrificial altar of Ru.
    74 | D        | Found an oddly glowing altar of Pakellas.
    74 | D        | Found a basalt altar of Yredelemnul.
    74 | D        | Found a glowing golden altar of the Shining One.
    74 | D        | Found a sparkling altar of Nemelex Xobeh.
    74 | D        | Found a shimmering altar of Xom.
    74 | D        | Found an opulent altar of Gozag.
    74 | D        | Found an ancient bone altar of Kikubaaqudgha.
    74 | D        | Found a glowing silver altar of Zin.
    74 | D        | Noticed a yak
    75 | D        | Found an iron altar of Okawaru.
    76 | D        | Killed a yak
    76 | D        | Reached * piety under Sif Muna
    76 | D        | Reached skill level 5 in Dodging
    76 | D        | Reached skill level 14 in Stealth
    96 | D        | Noticed Sonja
   100 | D        | Killed Sonja
   100 | D        | Reached ** piety under Sif Muna
   100 | D        | Reached skill level 17 in Stealth
   100 | D        | Reached XP level 7. HP: 32/32 MP: 17/20
   122 | D        | Noticed a deep troll
   126 | D        | Killed a deep troll
   126 | D        | Reached *** piety under Sif Muna
   126 | D        | Reached skill level 18 in Stealth
   126 | D        | Reached XP level 8. HP: 36/36 MP: 22/22
   140 | D        | Found Pubbopn's Armour Emporium.
   176 | D        | Found a snail-covered altar of Cheibriados.
   176 | D        | Found a viscous altar of Jiyva.
   176 | D        | Found a shadowy altar of Dithmenos.
   176 | D        | Found a blossoming altar of Fedhas.
   176 | D        | Noticed a slime creature
   179 | D        | Killed a slime creature
   192 | D        | Noticed a kobold demonologist
   193 | D        | Noticed a kobold demonologist
   195 | D        | Reached skill level 19 in Stealth
   197 | D        | Killed a kobold demonologist
   197 | D        | Reached XP level 9. HP: 39/39 MP: 23/23
   198 | D        | Killed a kobold demonologist
   198 | D        | Reached **** piety under Sif Muna
   198 | D        | Reached skill level 20 in Stealth
   198 | D        | Reached skill level 10 in Spellcasting
   200 | D        | Noticed a demonic crawler
   200 | D        | Noticed a demonic crawler
   200 | D        | Noticed a demonic crawler
   200 | D        | Noticed a demonic crawler
   202 | D        | Killed a demonic crawler
   203 | D        | Killed a demonic crawler
   203 | D        | Reached skill level 21 in Stealth
   205 | D        | Killed a demonic crawler
   206 | D        | Killed a demonic crawler
   206 | D        | Reached skill level 22 in Stealth
   215 | D        | Noticed a gargoyle
   226 | D        | Noticed a lindwurm
   228 | D        | Killed a lindwurm
   236 | D        | Reached ***** piety under Sif Muna
   236 | D        | Reached skill level 1 in Fighting
   237 | D        | Reached skill level 23 in Stealth
   237 | D        | Reached XP level 10. HP: 45/45 MP: 25/25
   267 | D        | Reached skill level 24 in Stealth
   267 | D        | Reached skill level 15 in Hexes
   267 | D        | Reached skill level 1 in Ice Magic
   417 | D        | Noticed a 12-headed hydra
   419 | D        | Killed a 12-headed hydra
   432 | D        | Noticed a siren
   437 | D        | Noticed a siren
   451 | D        | Killed a siren
   451 | D        | Reached ****** piety under Sif Muna
   451 | D        | Reached skill level 25 in Stealth
   458 | D        | Received a gift from Sif Muna
   465 | D        | Learned a level 3 spell: Gell's Gravitas
   469 | D        | Noticed a deep elf annihilator
   535 | D        | Noticed a centaur warrior
   537 | D        | Noticed a centaur warrior
   539 | D        | Killed a centaur warrior
   540 | D        | Killed a centaur warrior
   540 | D        | Reached XP level 11. HP: 49/49 MP: 28/28
   564 | D        | Noticed an oklob plant
   573 | D        | Killed an oklob plant
   573 | D        | Reached skill level 26 in Stealth
   749 | D        | Noticed an unseen horror
   749 | D        | Noticed an unseen horror
   753 | D        | Killed an unseen horror
   753 | D        | Reached skill level 5 in Translocations
   755 | D        | Killed an unseen horror
   781 | D        | Reached skill level 27 in Stealth
   984 | D        | Found Xudomialan's Distillery.
   984 | D        | Found Bonee's Gadget Shop.
   984 | D        | Found Neucaew's Magic Scroll Boutique.
   986 | D        | Found Rupueg's Antique Armour Emporium.
   986 | D        | Found Nung's Magic Scroll Shop.
   986 | D        | Found Zozy's Magic Scroll Shoppe.
   986 | D        | Found Siocs's Gadget Boutique.
   986 | D        | Found Puco's Weapon Emporium.
   986 | D        | Found Kampiuxt's Gadget Shop.
   986 | D        | Found Wiajonoff's Armour Shoppe.
   990 | D        | Found Xuub's Assorted Antiques.
   991 | D        | Found Latiatell's Armour Emporium.
   991 | D        | Found Ruvvin's Book Boutique.
   992 | D        | Found Camoth's Armour Emporium.
  1108 | D        | Found Zajeos's Gadget Boutique.
  1118 | D        | Noticed a shining eye
  1118 | D        | Noticed a shining eye
  1118 | D        | Noticed a shining eye
  1118 | D        | Noticed a shining eye
  1118 | D        | Noticed a shining eye
  1118 | D        | Noticed a shining eye
  1119 | D        | Gained mutation: You expend magic power (3 MP) to strengthen your wands. [a shining eye]
  1186 | D        | Noticed a mummy priest
  1187 | D        | Noticed an oklob plant
  1190 | D        | Received a gift from Sif Muna
  1204 | D        | Learned a level 2 spell: Blink
  1209 | D        | Noticed the 27-headed Lernaean hydra
  1342 | D        | Slain by the 27-headed Lernaean hydra

Skill      XL: |  1  2  3  4  5  6  7  8  9 10 11 |
---------------+----------------------------------+-----
Stealth        | 6 9 12 17 18 19 23 25 27 | 27.0
Spellcasting   | 3 4 6 8 9 10 12 13 | 13.9
Hexes          | 5 7 10 12 13 14 15 16 | 16.7
Dodging        | 4 6 7 8 |  8.6
Short Blades   | 2 3 |  3.2
Fighting       | 1 |  1.4
Ice Magic      | 2 |  2.1
Translocations | 4 7 |  7.6

Action                   |  1- 3 |  4- 6 |  7- 9 | 10-12 || total
-------------------------+-------+-------+-------+-------++-------
Melee: Dagger            |     6 |     4 |    12 |    55 ||    77
 Cast: Ensorcelled Hiber |       |       |       |    26 ||    26
       Confuse           |       |       |       |     8 ||     8
  Use: Potion            |       |       |       |     1 ||     1
 Stab: Sleeping          |     2 |     4 |    12 |    37 ||    55
       Confused          |       |       |       |     8 ||     8
Armor: Robe              |       |       |       |     1 ||     1
Dodge: Dodged            |     3 |       |       |    21 ||    24
